 Dungeon Crawl Stone Soup version 0.23-a0-208-gb6b040f (webtiles) character file.

19225 Felrender the Severer (level 12, -6/106 HPs)
             Began as a Minotaur Fighter on Sept 25, 2018.
             Was the Champion of Okawaru.
             Mangled by a sun demon (19 damage)
             ... summoned by a kobold demonologist
             ... on level 12 of the Dungeon on Sept 26, 2018.
             The game lasted 00:26:59 (11246 turns).

Felrender the Severer (Minotaur Fighter)           Turns: 11246, Time: 00:27:00

Health: -6/106     AC: 27    Str: 34    XL:     12   Next: 34%
Magic:  9/11       EV: 14    Int:  5    God:    Okawaru [******]
Gold:   485        SH:  0    Dex: 13    Spells: 11/11 levels left

rFire    . . .     SeeInvis .   B - +8 battleaxe of Suzesowa {elec, rElec MR+ Dex+2}
rCold    . . .     Gourm    .   (shield currently unavailable)
rNeg     . . .     Faith    .   H - +1 chain mail "Rotiuxou" {MR- Str+4 Stlth+}
rPois    .         Spirit   .   (helmet restricted)
rElec    +         Reflect  .   O - +2 cloak
rCorr    .         Harm     .   o - +0 pair of gloves
MR       .....                  E - +0 pair of boots
Stlth    ++........             (no amulet)
HPRegen  0.27/turn              h - +5 ring of protection
MPRegen  0.12/turn              r - ring of stealth

@: mighty, heroism
A: retaliatory headbutt, horns 2
a: Heroism, Finesse, Renounce Religion


You were on level 12 of the Dungeon.
You worshipped Okawaru.
Okawaru was exalted by your worship.
You were not hungry.

You visited 1 branch of the dungeon, and saw 12 of its levels.

You collected 725 gold pieces.
You spent 240 gold pieces at shops.

Inventory:

Hand Weapons
 y - the +5 halberd of the Priest {chop, rF+ MR- Str+3 Stlth+}
   (You found it on level 7 of the Dungeon)

   It inflicts extra damage upon your enemies.
   It affects your strength (+3).
   It protects you from fire.
   It affects your resistance to hostile enchantments.
   It makes you more stealthy.
 z - a +0 morningstar of crushing
 B - the +8 battleaxe of Suzesowa (weapon) {elec, rElec MR+ Dex+2}
   (You acquired it on level 6 of the Dungeon)

   Occasionally, upon striking a foe, it will discharge some electrical energy
   and cause terrible harm.
   It affects your dexterity (+2).
   It insulates you from electricity.
   It affects your resistance to hostile enchantments.
 J - a +3 scimitar
 P - a +3 halberd
Missiles
 L - 5 tomahawks of returning (quivered)
Armour
 o - a +0 pair of gloves (worn)
 E - a +0 pair of boots (worn)
 H - the +1 chain mail "Rotiuxou" (worn) {MR- Str+4 Stlth+}
   (Okawaru gifted it to you on level 9 of the Dungeon)

   It affects your strength (+4).
   It affects your resistance to hostile enchantments.
   It makes you more stealthy.
 M - a +0 cloak of invisibility
 O - a +2 cloak (worn)
Jewellery
 e - a +5 ring of intelligence {unknown}
 h - a +5 ring of protection (left hand)
 r - a ring of stealth (right hand)
 x - an uncursed ring of flight
 N - an uncursed ring of stealth
Wands
 a - a wand of acid (18)
 c - a wand of random effects (26)
 u - a wand of disintegration (8)
 D - a wand of clouds (10)
 I - a wand of enslavement (15)
 K - a wand of iceblast (7)
Scrolls
 b - 2 scrolls of blinking
 j - 3 scrolls of teleportation
 m - a scroll of amnesia
 s - 4 scrolls of remove curse
 A - 2 scrolls of fog
 G - a scroll of magic mapping
Potions
 d - 2 potions of invisibility
 g - a potion of ambrosia {unknown}
 i - 2 potions of brilliance
 k - 3 potions of magic {unknown}
 l - 3 potions of resistance
 n - a potion of haste {unknown}
 p - a potion of cancellation {unknown}
 q - 2 potions of curing {unknown}
 t - 2 potions of agility
 w - a potion of mutation {unknown}
 C - 2 potions of flight {unknown}
Comestibles
 f - 24 rations
 v - 25 chunks of flesh


   Skills:
 + Level 10.1(15.1) Fighting
 + Level 16.6(21.6) Axes
 + Level 1.4(6.4) Throwing
 * Level 12.4(17.4) Armour
 + Level 3.1(8.1) Dodging
 + Level 1.3(6.3) Stealth
   Level 6.7(11.7) Shields
 + Level 0.1(5.1) Unarmed Combat
 + Level 0.4 Invocations


You had 11 spell levels left.
You didn't know any spells.
Your spell library contained the following spells:

 Spells                   Type           Power        Failure   Level  Hunger
 Beastly Appendage        Tmut           #.....       80%         1    ##.....
 Freeze                   Ice            #...         80%         1    ##.....
 Sticks to Snakes         Tmut           #.......     91%         2    ###....
 Throw Frost              Conj/Ice       #.....       91%         2    ###....
 Ozocubu's Armour         Chrm/Ice       #.......     99%         3    ####...
 Spider Form              Tmut/Pois      #.........   99%         3    ####...
 Ice Form                 Ice/Tmut       #.......     100%        4    #####..
 Summon Ice Beast         Ice/Summ       #.......     100%        4    #####..
 Throw Icicle             Conj/Ice       #.......     100%        4    #####..
 Blade Hands              Tmut           #.........   100%        5    ######.


Dungeon Overview and Level Annotations

Branches:
Dungeon (12/15)            Temple (0/1) D:6            Lair (0/6) D:8
    Orc (0/2) D:12

Altars:
Dithmenos
Elyvilon
Fedhas
Hepliaklqana
Kikubaaqudgha
Makhleb
Okawaru
Ru
Sif Muna
Trog
Wu Jian
Xom
Zin
The Shining One

Shops:
D:7 !   D:12 (

Portals:
Trove: D:10 (give 16 potions of curing)


Innate Abilities, Weirdness & Mutations

You reflexively headbutt those who attack you in melee.
You have a pair of horns on your head.


Message History

The sun demon hits you!
You are engulfed in flames!
The kobold demonologist completely misses you.
The sun demon hits you!
* * * LOW HITPOINT WARNING * * *
You are engulfed in flames!!
* * * LOW HITPOINT WARNING * * *
Items here: ! ( ) [ † a long sword; 9 stones; a chain mail; a metallic silvery potion a big kobold corpse
Okay, then.
You feel very mighty all of a sudden.
The kobold demonologist barely misses you.
The sun demon misses you.
You gain the combat prowess of a mighty hero.
The rust devil barely misses you. You furiously retaliate!
You headbutt the rust devil!
The sun demon hits you but does no damage.
The kobold demonologist hits you but does no damage.
You fail to use your ability.
The sun demon hits you!!
You die...

.... ...# #####..#
#...'..# #...#..#
..#...#(.# #...###
..#...#(.#
......#..#...KK4#
#....##..#...#@3##
#....#...#...#(..#
.##....#...#####(###
.#.....#<........#
.#.....#)........#...
.#...=.(.........'......
.#....(#.........#......
.#.....#......(..#######
.#.....#.<..........


You could see a sun demon, a rust devil, a kobold demonologist and a kobold.

Vanquished Creatures
  Snorg (D:11)
  Erolcha (D:11)
  5 two-headed ogres
  An unseen horror (D:12)
  A wolf spider (D:12)
  An ugly thing (D:9)
  An elephant (D:8)
  Maurice (D:11)
  A gargoyle (D:10)
  3 trolls
  3 hippogriffs
  A wraith (D:10)
  A shadow (D:11)
  A vampire (D:12)
  16 yaks
  A wyvern (D:9)
  2 hungry ghosts (D:12)
  A basilisk (D:8)
  A steam dragon (D:10)
  An acid dragon (D:8)
  An ice beast (D:7)
  12 orc warriors
  3 sky beasts
  4 phantoms
  10 ogres
  A necrophage (D:11)
  3 centaurs
  A crocodile (D:8)
  2 big kobolds
  5 bullfrogs
  A wyvern zombie (D:9)
  A wyvern skeleton (D:9)
  10 killer bees
  7 scorpions
  14 wights
  2 howler monkeys
  8 crimson imps
  2 bullfrog zombies
  3 quasits
  6 jellies
  7 orc priests
  2 centaur skeletons
  8 hounds
  3 bullfrog skeletons
  20 orc wizards
  9 iguanas
  Terence (D:2)
  13 worker ants
  A worker ant zombie (D:6)
  11 adders
  4 shadow imps
  5 oozes (D:9)
  2 adder zombies
  An adder skeleton (D:4)
  5 worms
  A dart slug (D:3)
  8 leopard geckos
  47 orcs
  6 giant cockroaches
  2 goblins
  7 hobgoblins
  9 jackals
  5 quokkas
  2 ball pythons
  6 bats
  5 frilled lizards
  2 jackal skeletons
  11 kobolds
  A leopard gecko zombie (D:7)
  2 quokka zombies
  10 rats
356 creatures vanquished.

Vanquished Creatures (others)
  An orc wizard (D:6)
1 creature vanquished.

Grand Total: 357 creatures vanquished

Notes
Turn   | Place    | Note
-------+----------+-------------------------------------------
     0 | D:1      | Felrender the Minotaur Fighter began the quest for the Orb.
     0 | D:1      | Reached XP level 1. HP: 19/19 MP: 0/0
   489 | D:1      | Reached XP level 2. HP: 27/27 MP: 1/1
   916 | D:2      | Found a faded altar of an unknown god.
   916 | D:2      | Found a glowing golden altar of the Shining One.
   921 | D:2      | Found a faded altar of an unknown god.
   923 | D:2      | Found a glowing silver altar of Zin.
   925 | D:2      | Found a burning altar of Makhleb.
   931 | D:2      | Reached skill level 3 in Axes
   995 | D:2      | Reached XP level 3. HP: 30/33 MP: 2/2
  1167 | D:2      | Found a white marble altar of Elyvilon.
  1387 | D:2      | Noticed Terence
  1406 | D:2      | Killed Terence
  1406 | D:2      | Reached XP level 4. HP: 36/40 MP: 3/3
  1575 | D:2      | Found a blossoming altar of Fedhas.
  2063 | D:3      | Reached skill level 4 in Axes
  2732 | D:4      | Found an ancient bone altar of Kikubaaqudgha.
  2746 | D:4      | Reached XP level 5. HP: 47/47 MP: 4/4
  2877 | D:4      | Reached skill level 1 in Dodging
  2923 | D:4      | Found an iron altar of Okawaru.
  2958 | D:4      | Reached skill level 1 in Stealth
  2974 | D:4      | Became a worshipper of Warmaster Okawaru
  3430 | D:4      | Reached skill level 5 in Armour
  3430 | D:4      | Reached XP level 6. HP: 48/53 MP: 5/5
  3549 | D:4      | Reached skill level 5 in Axes
  3905 | D:4      | Reached skill level 6 in Axes
  4001 | D:4      | Found a bloodstained altar of Trog.
  4002 | D:4      | Reached skill level 5 in Shields
  4191 | D:5      | Entered Level 5 of the Dungeon
  4215 | D:5      | Found a hazy altar of Hepliaklqana.
  4225 | D:5      | Reached skill level 5 in Fighting
  4225 | D:5      | Reached XP level 7. HP: 8/61 MP: 6/6
  4516 | D:5      | Found an ornate altar of the Wu Jian Council.
  4674 | D:5      | Reached skill level 7 in Axes
  4677 | D:5      | Reached * piety under Okawaru
  4938 | D:5      | Reached skill level 8 in Axes
  4938 | D:5      | Reached XP level 8. HP: 39/69 MP: 7/7
  5499 | D:6      | Reached skill level 9 in Axes
  5681 | D:6      | Reached ** piety under Okawaru
  5985 | D:6      | Found a staircase to the Ecumenical Temple.
  6110 | D:6      | Identified a scroll of acquirement
  6111 | D:6      | Got a smoking battleaxe
  6118 | D:6      | Identified the +8 battleaxe of Suzesowa {elec, rElec MR+
                  | Dex+2} (You acquired it on level 6 of the Dungeon)
  6437 | D:6      | Reached XP level 9. HP: 75/75 MP: 8/8
  6570 | D:7      | Reached skill level 10 in Axes
  6682 | D:7      | Got a brightly glowing halberd
  6683 | D:7      | Identified the +5 halberd of the Priest {chop, rF+ MR-
                  | Str+3 Stlth+} (You found it on level 7 of the Dungeon)
  6765 | D:7      | Noticed a two-headed ogre
  6770 | D:7      | Killed a two-headed ogre
  6770 | D:7      | Reached *** piety under Okawaru
  6798 | D:7      | Found Rimytz's Distillery.
  6804 | D:7      | Bought a potion of heal wounds for 80 gold pieces
  6804 | D:7      | Bought a potion of heal wounds for 80 gold pieces
  6804 | D:7      | Bought a potion of agility for 64 gold pieces
  6804 | D:7      | Bought a potion of degeneration for 16 gold pieces
  6818 | D:7      | Reached skill level 11 in Axes
  6862 | D:7      | Reached **** piety under Okawaru
  7181 | D:7      | Reached XP level 10. HP: 82/86 MP: 9/9
  7182 | D:7      | Reached skill level 12 in Axes
  7910 | D:8      | Noticed a two-headed ogre
  7915 | D:8      | Killed a two-headed ogre
  7915 | D:8      | Reached ***** piety under Okawaru
  7950 | D:8      | Reached skill level 13 in Axes
  8023 | D:8      | Reached skill level 10 in Armour
  8042 | D:8      | Found a sacrificial altar of Ru.
  8118 | D:8      | Noticed an elephant
  8131 | D:8      | Killed an elephant
  8147 | D:8      | Found a staircase to the Lair.
  8457 | D:9      | Found a shimmering altar of Xom.
  8458 | D:9      | Found a shimmering altar of Xom.
  8459 | D:9      | Found a shimmering altar of Xom.
  8470 | D:9      | Found a shimmering altar of Xom.
  8470 | D:9      | Found a shimmering altar of Xom.
  8471 | D:9      | Found a shimmering altar of Xom.
  8521 | D:9      | Noticed a two-headed ogre
  8532 | D:9      | Killed a two-headed ogre
  8532 | D:9      | Received a gift from Okawaru
  8532 | D:9      | Reached XP level 11. HP: 95/95 MP: 10/10
  8533 | D:9      | Got a bloodstained chain mail {god gift}
  8544 | D:9      | Identified the +1 chain mail "Rotiuxou" {MR- Str+4 Stlth+}
                  | (Okawaru gifted it to you on level 9 of the Dungeon)
  8582 | D:9      | Noticed a two-headed ogre
  8589 | D:9      | Killed a two-headed ogre
  8589 | D:9      | Reached skill level 14 in Axes
  8651 | D:9      | Found a shadowy altar of Dithmenos.
  8680 | D:9      | Found a shimmering altar of Xom.
  8872 | D:9      | Noticed a red ugly thing
  8882 | D:9      | Got a crude ring mail
  8889 | D:9      | Killed a red ugly thing
  9069 | D:9      | Noticed a two-headed ogre
  9072 | D:9      | Killed a two-headed ogre
  9171 | D:10     | Entered Level 10 of the Dungeon
  9217 | D:10     | Reached skill level 15 in Axes
  9327 | D:10     | Found a portal to a secret trove of treasure.
  9611 | D:10     | Found a deep blue altar of Sif Muna.
 10096 | D:11     | Noticed Erolcha
 10102 | D:11     | Killed Erolcha
 10102 | D:11     | Reached ****** piety under Okawaru
 10199 | D:11     | Reached skill level 1 in Throwing
 10204 | D:11     | Received a gift from Okawaru
 10251 | D:11     | Reached skill level 16 in Axes
 10444 | D:11     | Noticed Snorg
 10458 | D:11     | Killed Snorg
 10458 | D:11     | Reached XP level 12. HP: 46/106 MP: 8/11
 10681 | D:11     | Noticed Maurice
 10770 | D:11     | Killed Maurice
 10966 | D:12     | Reached skill level 10 in Fighting
 11071 | D:12     | Found Seuxeot's Weapon Boutique.
 11072 | D:12     | Found a staircase to the Orcish Mines.
 11246 | D:12     | Mangled by a sun demon

Vault maps used:
D:1:      lemuel_arrival_hallway
D:2:      lemuel_round_altar, chequers_temple_overflow_minitemple,
          fedhas_altar_fruit_tree, uniq_terence
D:4:      cheibrodos_barr_body, kennysheep_little_box,
          nicolae_overflow_crystal_walls, okawaru_metal_pillars_1_2,
          first_ration
D:5:      kennysheep_mini, overflow_temple_1_default
D:6:      minmay_temple_entry_junction
D:7:      serial_shops, nicolae_shop_statue_plus
D:8:      marbit_many_paths, david_lair_generic
D:9:      overflow_temple_1_default, basic_altar,
          hangedman_little_slice_of_home, xom_redecorated
D:10:     enter_trove_1, skrybe_limestone_x, led_sif_book
D:11:     uniq_maurice, uniq_snorg, uniq_erolcha
D:12:     orc_david_3

Skill      XL: |  1  2  3  4  5  6  7  8  9 10 11 12 |
---------------+-------------------------------------+-----
Shields        | 4 5 6 |  6.7
Axes           | 3 4 6 8 9 11 13 16 | 16.6
Armour         | 4 5 7 9 10 11 12 | 12.4
Fighting       | 4 5 6 7 8 9 10 | 10.1
Dodging        | 1 2 3 |  3.1
Stealth        | 1 |  1.3
Throwing       | 1 |  1.4
Unarmed Combat | |  0.1
Invocations    | |  0.4

Action                   |  1- 3 |  4- 6 |  7- 9 | 10-12 || total
-------------------------+-------+-------+-------+-------++-------
Melee: War axe           |    77 |    90 |       |       ||   167
       Headbutt          |     9 |    19 |    34 |    68 ||   130
       Broad axe         |       |    67 |   137 |       ||   204
       Battleaxe         |       |       |    72 |   369 ||   441
       Unarmed           |       |       |       |     4 ||     4
Throw: Tomahawk          |       |       |       |    18 ||    18
Invok: Heroism           |       |       |       |     2 ||     2
       Finesse           |       |       |       |     1 ||     1
Evoke: Wand              |       |       |       |     1 ||     1
  Use: Scroll            |     6 |     7 |     7 |     5 ||    25
       Potion            |       |     1 |       |     4 ||     5
  Eat: Ration            |     1 |     1 |     1 |     3 ||     6
       Chunk             |       |     4 |     6 |    10 ||    20
Armor: Scale mail        |    35 |       |       |       ||    35
       Chain mail        |       |    80 |    60 |   203 ||   343
       Plate armour      |       |       |    80 |    66 ||   146
Dodge: Dodged            |    14 |    39 |    58 |   197 ||   308
Block: Shield            |    37 |    90 |    73 |       ||   200

Table legend:
 A = Non-vault XP
 B = Vault XP
 C = Vault XP percentage of total XP
 D = Non-vault monster count
 E = Vault monster count
 F = Vault count percentage of total count
                 A         B        C        D         E       F
            +---------+---------+-------+---------+---------+-------
      Total |   22540 |    4925 |  17.9 |     320 |      37 |  10.4
            +---------+---------+-------+---------+---------+-------
        D:1 |      24 |       0 |   0.0 |      18 |       0 |   0.0
        D:2 |      69 |      36 |  34.3 |      17 |       1 |   5.6
        D:3 |      49 |       0 |   0.0 |      17 |       0 |   0.0
        D:4 |     380 |     153 |  28.7 |      15 |       9 |  37.5
        D:5 |     873 |       0 |   0.0 |      21 |       0 |   0.0
        D:6 |    1222 |       0 |   0.0 |      28 |       0 |   0.0
        D:7 |    3092 |       0 |   0.0 |      42 |       0 |   0.0
        D:8 |    2744 |    1121 |  29.0 |      30 |       5 |  14.3
        D:9 |    4751 |     162 |   3.3 |      28 |       8 |  22.2
       D:10 |    2103 |      79 |   3.6 |      35 |       2 |   5.4
       D:11 |    3689 |    2573 |  41.1 |      45 |       3 |   6.2
       D:12 |    3544 |     801 |  18.4 |      24 |       9 |  27.3
            +---------+---------+-------+---------+---------+-------
